 Dungeon Crawl Stone Soup version 0.20.1-1-g8b1a95d (webtiles) character file.

545 totient the Skirmisher (level 7, 6/67 HPs)
             Began as a Minotaur Fighter on July 29, 2017.
             Was an Initiate of Okawaru.
             Quit the game on level 4 of the Dungeon.
             The game lasted 00:22:23 (3550 turns).

totient the Skirmisher (Minotaur Fighter)           Turns: 3550, Time: 00:22:24

Health: 6/67       AC:  9    Str: 26    XL:     7   Next: 6%
Magic:  6/6        EV:  8    Int:  5    God:    Okawaru [......]
Gold:   127        SH: 15    Dex: 11    Spells: 6/6 levels left

rFire    . . .     SeeInvis .   a - +0 long sword
rCold    + . .     Gourm    .   c - +0 shield
rNeg     . . .     Faith    .   y - +3 ring mail {rF+}
rPois    .         Spirit   .   (helmet restricted)
rElec    .         Reflect  +   (no cloak)
rCorr    .         Harm     .   (no gloves)
MR       .....                  (no boots)
Stlth    +.........             h - +5 amulet of reflection
Regen    0.3/turn               v - ring of ice
MPRegen  0.1/turn               (no ring)

@: mighty, lethally poisoned (6 -> 0)
A: retaliatory headbutt, horns 2
a: Renounce Religion


You were on level 4 of the Dungeon.
You worshipped Okawaru.
Okawaru was noncommittal.
You were not hungry.

You visited 2 branches of the dungeon, and saw 6 of its levels.

You collected 127 gold pieces.

Inventory:

Hand Weapons
 a - a +0 long sword (weapon)
Missiles
 w - 4 tomahawks of returning (quivered)
Armour
 c - a +0 shield (worn)
 y - a +3 ring mail of fire resistance (worn)
Jewellery
 h - a +5 amulet of reflection (around neck)
 v - a ring of ice (left hand)
Wands
 x - a wand of clouds (5/9)
Scrolls
 g - 3 scrolls of identify
 j - a scroll of amnesia {unknown}
 k - 7 scrolls of remove curse
 l - 4 scrolls of teleportation
 q - a scroll of enchant weapon {unknown}
 s - 2 scrolls of fog {unknown}
 t - a scroll of fear {unknown}
 u - a scroll of recharging {unknown}
Potions
 d - 2 potions of might
 e - a potion of magic
 m - a potion of agility {unknown}
 n - a potion of curing {unknown}
 o - 2 potions of mutation {unknown}
 r - 3 potions of flight
 z - a potion of brilliance {unknown}
Books
 p - a book of Cantrips

   Spells                             Type                      Level
   a - Confusing Touch                Hexes                        1
   b - Animate Skeleton               Necromancy                   1
   c - Summon Small Mammal            Summoning                    1
   d - Apportation                    Translocation                1
Comestibles
 b - 2 meat rations
 f - 3 bread rations


   Skills:
 * Level 7.6 Fighting
 - Level 2.4 Long Blades
 + Level 2.2 Throwing
 + Level 6.3 Armour
 - Level 3.6 Shields


You had 6 spell levels left.
You didn't know any spells.

Dungeon Overview and Level Annotations

Branches:
Dungeon (5/15)             Temple (1/1) D:4

Altars:
Ashenzari
Cheibriados
Dithmenos
Elyvilon
Fedhas
Gozag
Hepliaklqana
Kikubaaqudgha
Makhleb
Nemelex Xobeh
Okawaru
Qazlal
Ru
Sif Muna
Trog
Uskayaw
Vehumet
Xom
Yredelemnul
Zin
The Shining One

Annotations:
D:5 totient's ghost, novice MiFi


Innate Abilities, Weirdness & Mutations

You reflexively headbutt those who attack you in melee.
You have a pair of horns on your head.


Message History

You hit the worker ant but do no damage.
Your headbutt misses the worker ant.
The worker ant is severely wounded.
* * * LOW HITPOINT WARNING * * *
You feel sick. You block the worker ant's attack.
The worker ant bites you but does no damage.
You feel very mighty all of a sudden.
* * * LOW HITPOINT WARNING * * *
You feel sick. You block the worker ant's attack.
You are too injured to fight recklessly!
You barely miss the worker ant.
The worker ant is heavily wounded.
* * * LOW HITPOINT WARNING * * *
You feel sick. The worker ant barely misses you.
You block the worker ant's attack.
You slash the worker ant!
You kill the worker ant!
Okawaru accepts your kill.
There is a lethal amount of poison in your body!
Are you sure you want to abandon this character and quit the game? (Confirm with "yes".)

..### ###.............#.......
.## ####.....###......##.......
.# ###....§.......####...#######
.####...##..§..###^####......####
......###......##......#.###.....
.########......##......#.#######.
.......##...).###.....<#....#####
######.......####).....####......
# #######....@.....)# #######
######......# # #......# #
#......# # ########


There were no monsters in sight!

Vanquished Creatures
  An ogre (D:4)
  A scorpion (D:4)
  A howler monkey (D:4)
  A crimson imp (D:5)
  A hound (D:4)
  2 orc wizards (D:3)
  A centaur skeleton (D:3)
  Ijyb (D:4)
  2 worker ants (D:4)
  A howler monkey skeleton (D:4)
  2 adders (D:2)
  An adder skeleton (D:4)
  4 worms
  4 dart slugs
  6 leopard geckos
  8 orcs
  6 giant cockroaches
  7 hobgoblins
  2 jackals (D:3)
  5 kobolds
  2 quokkas
  2 ball pythons
  12 bats
  3 frilled lizards
  5 goblins
  A quokka skeleton (D:5)
  4 rats
86 creatures vanquished.

Notes
Turn   | Place    | Note
-------+----------+-------------------------------------------
     0 | D:1      | totient the Minotaur Fighter began the quest for the Orb.
     0 | D:1      | Reached XP level 1. HP: 19/19 MP: 0/0
   135 | D:1      | Reached XP level 2. HP: 27/27 MP: 1/1
   149 | D:1      | Reached skill level 4 in Fighting
   737 | D:2      | Reached XP level 3. HP: 30/34 MP: 2/2
   863 | D:2      | Found a faded altar of an unknown god.
  1150 | D:2      | Reached skill level 5 in Fighting
  1150 | D:2      | Reached XP level 4. HP: 42/42 MP: 3/3
  1605 | D:3      | Reached skill level 5 in Armour
  1927 | D:3      | Reached XP level 5. HP: 27/50 MP: 4/4
  2096 | D:3      | Reached skill level 6 in Fighting
  2536 | D:4      | Found a staircase to the Ecumenical Temple.
  2543 | Temple   | Entered the Ecumenical Temple
  2584 | Temple   | Became a worshipper of Warmaster Okawaru
  2621 | D:4      | Noticed Ijyb
  2630 | D:4      | Killed Ijyb
  2660 | D:4      | Reached XP level 6. HP: 42/58 MP: 5/5
  2994 | D:4      | Reached skill level 1 in Throwing
  3020 | D:5      | Entered Level 5 of the Dungeon
  3165 | D:5      | Noticed totient's ghost (novice MiFi)
  3201 | D:4      | Reached skill level 7 in Fighting
  3543 | D:4      | Reached XP level 7. HP: 19/66 MP: 6/6
  3550 | D:4      | Quit the game

Skill      XL: |  1  2  3  4  5  6 |
---------------+-------------------+-----
Armour         | 4 5 6 |  6.3
Fighting       | 4 5 6 7 |  7.6
Throwing       | 2 |  2.2
Long Blades    | |  2.4
Shields        | |  3.6

Action                   |  1- 3 |  4- 6 |  7- 9 || total
-------------------------+-------+-------+-------++-------
Melee: Long sword        |    73 |   149 |     5 ||   227
       Headbutt          |    13 |    28 |     1 ||    42
Throw: Tomahawk          |       |    25 |       ||    25
  Use: Scroll            |     1 |     2 |       ||     3
       Potion            |       |     2 |     1 ||     3
  Eat: Chunk             |     1 |     4 |       ||     5
       Royal jelly       |       |     1 |       ||     1
       Bread ration      |       |     1 |       ||     1
Armor: Scale mail        |     4 |       |       ||     4
       Ring mail         |    30 |    60 |     2 ||    92
Dodge: Dodged            |    23 |    43 |     1 ||    67
Block: Shield            |    35 |    92 |     5 ||   132
       Rpst.: Long sword |     9 |    11 |       ||    20
